 Dungeon Crawl Stone Soup version 0.23-a0-448-g1c01f63 (webtiles) character file.

16 Dfrag the Firebug (level 2, -5/19 HPs)
             Began as a Demonspawn Fire Elementalist on Nov 20, 2018.
             Slain by a gnoll
             ... wielding a +0 halberd
              (8 damage)
             ... on level 1 of the Dungeon.
             The game lasted 00:01:01 (324 turns).

Dfrag the Firebug (Demonspawn Fire Elementalist)     Turns: 324, Time: 00:01:02

Health: -5/19      AC:  2    Str:  8    XL:     2   Next: 37%
Magic:  2/5        EV: 12    Int: 16    God:
Gold:   20         SH:  0    Dex: 13    Spells: 4/5 levels left

rFire    . . .     SeeInvis .   (no weapon)
rCold    . . .     Gourm    .   (no shield)
rNeg     . . .     Faith    .   a - +0 robe
rPois    .         Spirit   .   (no helmet)
rElec    .         Reflect  .   (no cloak)
rCorr    .         Harm     .   (no gloves)
MR       .....                  (no boots)
Stlth    ++........             (no amulet)
HPRegen  0.06/turn              (no ring)
MPRegen  0.09/turn              (no ring)

@: no status effects
A: demonic guardian 1
a: no special abilities


You were on level 1 of the Dungeon.
You were not hungry.

You visited 1 branch of the dungeon, and saw 1 of its levels.

You collected 20 gold pieces.

Inventory:

Armour
 a - a +0 robe (worn)
Scrolls
 b - a scroll of fog {unknown}
 d - 2 scrolls of remove curse {unknown}
 f - a scroll of identify {unknown}
Potions
 e - 2 potions of might {unknown}
 g - a potion of resistance {unknown}
Comestibles
 c - 2 rations


   Skills:
 - Level 1.7 Dodging
 - Level 1.7 Stealth
 + Level 2.3 Spellcasting
 + Level 1.5 Conjurations
 + Level 3.0 Fire Magic


You had 4 spell levels left.
You knew the following spells:

 Your Spells              Type           Power        Failure   Level  Hunger
a - Flame Tongue          Conj/Fire      #....        8%          1    #......

Your spell library contained the following spells:

 Spells                   Type           Power        Failure   Level  Hunger
 Throw Flame              Conj/Fire      #.....       12%         2    ###....
 Conjure Flame            Conj/Fire      #.......     24%         3    ###....
 Inner Flame              Hex/Fire       #.......     32%         3    ###....
 Sticky Flame             Conj/Fire      #.......     61%         4    #####..
 Fireball                 Conj/Fire      #.........   91%         5    ######.


Dungeon Overview and Level Annotations

Branches:
Dungeon (1/15)

Altars:


Innate Abilities, Weirdness & Mutations

A weak demonic guardian rushes to your aid.


Message History

The flame tongue hits the gnoll.
The gnoll is moderately wounded.
Casting: Flame Tongue (safe; 8% risk of failure)
Confirm with . or Enter, or press ? or * to list all spells.
Aiming: Flame Tongue (safe; 8% risk of failure)
Press: ? - help, Shift-Dir - straight line, f/p - gnoll
Aim: a gnoll, wielding a +0 halberd (moderately wounded)
The flame tongue misses the gnoll.
The gnoll hits you from afar with a +0 halberd!
Ouch! That really hurt!
* * * LOW HITPOINT WARNING * * *
Casting: Flame Tongue (safe; 8% risk of failure)
Confirm with . or Enter, or press ? or * to list all spells.
Aiming: Flame Tongue (safe; 8% risk of failure)
Press: ? - help, Shift-Dir - straight line, f/p - gnoll
Aim: a gnoll, wielding a +0 halberd (moderately wounded)
The flame tongue hits the gnoll.
The gnoll appears unharmed.
The gnoll is moderately wounded.
The gnoll hits you from afar with a +0 halberd!
You die...

#e#.#c#...####.##
.#.###'###.######.# ...
#.#........#.#### #### #.#
#........#....>.. ..... #.#
###.#.......#.##. .....# #.#
#.†###..#...... ....=.###.##
##...##.......#
......)....########..####....#
...$.......g.@.#####†..##....#
.....#####.#.#....####..#....#
.....#####†#.................#
. ...........................
.######..#######.#..#......
##.# #.##.#.##... ..#####.# #.
#...###.. #.......# #.
###...##. #######.#### #.
#.#.###


You could see a gnoll.

Vanquished Creatures
  An ooze (D:1)
  A giant cockroach (D:1)
  4 goblins (D:1)
  A ball python (D:1)
  2 bats (D:1)
  A kobold (D:1)
  A rat (D:1)
11 creatures vanquished.

Notes
Turn   | Place    | Note
-------+----------+-------------------------------------------
     0 | D:1      | Dfrag the Demonspawn Fire Elementalist began the quest for
                  | the Orb.
     0 | D:1      | Reached XP level 1. HP: 13/13 MP: 3/3
     2 | D:1      | Noticed a formicid
     4 | D:1      | Noticed a naga
     4 | D:1      | Noticed a felid
     6 | D:1      | Noticed a ghoul
     6 | D:1      | Noticed a demigod
     8 | D:1      | Noticed a vampire
     8 | D:1      | Noticed a tengu
    10 | D:1      | Noticed a gargoyle
    10 | D:1      | Noticed an octopode
    12 | D:1      | Noticed a vine stalker
    12 | D:1      | Noticed an ogre
    14 | D:1      | Noticed a dwarf
    16 | D:1      | Noticed a spriggan
    16 | D:1      | Noticed a draconian
    18 | D:1      | Noticed a merfolk
    18 | D:1      | Noticed a halfling
    20 | D:1      | Noticed a troll
    22 | D:1      | Noticed a demonspawn
    22 | D:1      | Noticed a human
    24 | D:1      | Noticed a minotaur
    26 | D:1      | Noticed an elf
    26 | D:1      | Noticed a centaur
   134 | D:1      | Gained mutation: A weak demonic guardian rushes to your
                  | aid. [demonic ancestry]
   134 | D:1      | Reached XP level 2. HP: 12/19 MP: 0/5
   314 | D:1      | Reached skill level 3 in Fire Magic
   324 | D:1      | Slain by a gnoll

Vault maps used:
D:1:      kb_arrival_jail, serial_bayou_pond_a, supply_closet_lemuel

Skill      XL: |  1  2 |
---------------+-------+-----
Fire Magic     | 3 |  3.0
Dodging        | |  1.7
Stealth        | |  1.7
Spellcasting   | |  2.3
Conjurations   | |  1.5

Action                   || total
-------------------------++-------
Melee: Unarmed           ||    25
 Cast: Flame Tongue      ||    19
Armor: Robe              ||    18
Dodge: Dodged            ||    40

Table legend:
 A = Non-vault XP
 B = Vault XP
 C = Vault XP percentage of total XP
 D = Non-vault monster count
 E = Vault monster count
 F = Vault count percentage of total count
                 A         B        C        D         E       F
            +---------+---------+-------+---------+---------+-------
      Total |      23 |       0 |   0.0 |      11 |       0 |   0.0
            +---------+---------+-------+---------+---------+-------
        D:1 |      23 |       0 |   0.0 |      11 |       0 |   0.0
            +---------+---------+-------+---------+---------+-------
